 Dungeon Crawl Stone Soup version 0.31-a0-187-gba352fbbf7 (webtiles) character file.

Game seed: 10913178624831749473

18 qw the Shooter (level 2, 0/16 HPs)
             Began as a Deep Elf Hunter on June 22, 2023.
             Succumbed to their own poison gas
             ... on level 2 of the Dungeon.
             The game lasted 00:00:13 (426 turns).

qw the Shooter (Deep Elf Hunter)                     Turns: 426, Time: 00:00:13

Health: 0/16       AC:  5    Str:  8    XL:     2   Next: 48%
Magic:  4/4        EV: 10    Int: 13    God:
Gold:   23         SH:  0    Dex: 18    Spells: 1/1 levels left

rFire   . . .        Y - +0 shortbow
rCold   . . .        (shield currently unavailable)
rNeg    . . .        d - +0 ring mail
rPois   .            (no helmet)
rElec   .            (no cloak)
rCorr   .            (no gloves)
SInv    .            (no boots)
Will    .....        i - amulet of regeneration
Stlth   +            (no ring)
HPRegen 1.02/turn    (no ring)
MPRegen 0.09/turn

%: no passive effects
@: lethally poisoned (0 -> -4), weak-willed
A: no striking features
a: no special abilities


You were on level 2 of the Dungeon.
You visited 1 branch of the dungeon, and saw 2 of its levels.

You collected 23 gold pieces.


   Skills:
 - Level 1.5 Fighting
 + Level 6.3 Ranged Weapons
 - Level 2.4 Dodging
 - Level 1.2 Stealth


You had one spell level left.
You didn't know any spells.
Your spell library was empty.

Inventory:

Hand Weapons
 Y - a +0 shortbow (weapon)
Armour
 d - a +0 ring mail (worn)
Jewellery
 i - an amulet of regeneration (around neck)
Scrolls
 l - a scroll of teleportation
Potions
 j - a potion of curing {unknown}

Dungeon Overview and Level Annotations

Branches:
Dungeon (2/15)

Altars:


Message History

You finish putting on your +0 ring mail.
408 ||| DROPPING +0 leather armour.
You drop a +0 leather armour.
409 ||| UPGRADING to amulet of regeneration.
You start putting on your amulet.
You continue putting on your amulet of regeneration. x5
You finish putting on your amulet of regeneration.
The amulet throbs as it attunes itself to your uninjured body.
i - an amulet of regeneration (around neck)
414 ||| DROPPING ring of flight.
You drop a ring of flight.
415 ||| DROPPING ring of magical power.
You drop a ring of magical power.
416 ||| READING scroll labelled JONUKHL TOSIOSH.
The air fills with toxic fumes!
As you read the scroll labelled JONUKHL TOSIOSH, it crumbles to dust.
It was a scroll of poison.
417 ||| READING scroll labelled ZYNUF UHUGAO.
As you read the scroll labelled ZYNUF UHUGAO, it crumbles to dust.
It is a scroll of identify.
Really abort (and waste the scroll)?
418 ||| READING scroll labelled OWECOI JEMEO.
As you read the scroll labelled OWECOI JEMEO, it crumbles to dust.
Magic quickly surges around you.
It was a scroll of vulnerability.
419 ||| READING 2 scrolls labelled ITOUSHR MOSYEM.
As you read the scroll labelled ITOUSHR MOSYEM, it crumbles to dust.
You feel strangely unstable.
It was a scroll of teleportation.
You start waiting.
Your surroundings suddenly seem different.
422 ||| DROPPING scroll of butterflies.
You drop a scroll of butterflies.
(D) Dungeon
Where to? (* - list waypoints, ? - help)
What level of the Dungeon? (default 1, ? - help) Sorry, I don't know how to get there.
Really walk into that cloud of poison gas?
You are engulfed in poison gas.
You are poisoned.
Ouch! That really hurt!
You feel very sick.
425 ||| Stepping ~*~*~tactically~*~*~ (cloud).
You feel very sick.
There is a lethal amount of poison in your body!
You die...

##... .....
#... ###..##
......#
.####...######
..........?..#
#....@#.##.#
#.#¤.¤0¤# #
#0¤¤¤## #0¤¤0#
#¤000## #000..
.####¤0¤^#
.........##
.......=..#


There were no monsters in sight!

Vanquished Creatures
  An endoplasm (D:1)
  A goblin (D:1)
  2 hobgoblins (D:1)
  A quokka (D:1)
  5 ball pythons (D:1)
  2 bats (D:1)
  A frilled lizard (D:1)
  3 kobolds (D:1)
  A rat (D:1)
17 creatures vanquished.

Notes
Turn   | Place    | Note
-------+----------+-------------------------------------------
     0 | D:1      | qw the Deep Elf Hunter began the quest for the Orb.
     0 | D:1      | Reached XP level 1. HP: 12/12 MP: 3/3
     0 | D:1      | 0 ||| qw: Version: 0.3-a-9-g12657ce
     0 | D:1      | 0 ||| qw: Game counter: 2143
     0 | D:1      | 0 ||| qw: Always use a shield: true
     0 | D:1      | 0 ||| qw: God list: Okawaru
     0 | D:1      | 0 ||| qw: Allow faded altars: false
     0 | D:1      | 0 ||| qw: Do Orc after D:15 true
     0 | D:1      | 0 ||| qw: Do second Lair branch before Depths: true
     0 | D:1      | 0 ||| qw: Lair rune preference: random
     0 | D:1      | 0 ||| qw: Plans: Normal
     0 | D:1      | 0 ||| PLANNING D:1-11
   175 | D:1      | Reached skill level 6 in Ranged Weapons
   175 | D:1      | Reached XP level 2. HP: 16/16 MP: 4/4
   397 | D:1      | You fall into a shaft and drop 1 floor!
   398 | D:2      | 398 ||| UPGRADING to +0 ring mail.
   408 | D:2      | 408 ||| DROPPING +0 leather armour.
   409 | D:2      | 409 ||| UPGRADING to amulet of regeneration.
   414 | D:2      | 414 ||| DROPPING ring of flight.
   415 | D:2      | 415 ||| DROPPING ring of magical power.
   416 | D:2      | 416 ||| READING scroll labelled JONUKHL TOSIOSH.
   417 | D:2      | 417 ||| READING scroll labelled ZYNUF UHUGAO.
   418 | D:2      | 418 ||| READING scroll labelled OWECOI JEMEO.
   419 | D:2      | 419 ||| READING 2 scrolls labelled ITOUSHR MOSYEM.
   422 | D:2      | 422 ||| DROPPING scroll of butterflies.
   424 | D:2      | HP: 4/16 [poisoned by you (poison gas)]
   425 | D:2      | 425 ||| Stepping ~*~*~tactically~*~*~ (cloud).
   426 | D:2      | Succumbed to their own poison gas

Levels and vault maps discovered:
D:1:      giann_wishing_wells, layout_loops_ring, roderic_serpentine_path
D:2:      layout_loops_ring, nicolae_ecumenical_oubliette, basic_altar

Skill      XL: |  1 |
---------------+----+-----
Ranged Weapons | 6 |  6.3
Fighting       | |  1.5
Dodging        | |  2.4
Stealth        | |  1.2

Action                     || total
---------------------------++-------
   Fire: Shortbow          ||    45
    Use: Scroll            ||     4
 Armour: Leather armour    ||     2
  Dodge: Dodged            ||     3

Table legend:
 A = Non-vault XP
 B = Vault XP
 C = Vault XP percentage of total XP
 D = Non-vault monster count
 E = Vault monster count
 F = Vault count percentage of total count
                 A         B        C        D         E       F
            +---------+---------+-------+---------+---------+-------
      Total |      26 |       0 |   0.0 |      17 |       0 |   0.0
            +---------+---------+-------+---------+---------+-------
        D:1 |      26 |       0 |   0.0 |      17 |       0 |   0.0
            +---------+---------+-------+---------+---------+-------
